 Dungeon Crawl Stone Soup version 0.24-a0-189-g5d897e9 (webtiles) character file.

Game seed: 3546614639708209427

1289 tilp the Geomancer (level 8, -1/54 HPs)
             Began as a Gargoyle Earth Elementalist on Mar 17, 2019.
             Was an Initiate of Sif Muna.
             Shot with an arrow by a centaur (9 damage)
             ... on level 6 of the Dungeon.
             The game lasted 00:16:11 (4463 turns).

tilp the Geomancer (Gargoyle Earth Elementalist)    Turns: 4463, Time: 00:16:12

Health: -1/54      AC:  9    Str: 13    XL:     8   Next: 55%
Magic:  5/16       EV: 13    Int: 17    God:    Sif Muna [......]
Gold:   231        SH:  0    Dex: 10    Spells: 4/18 levels left

rFire    . . .     SeeInvis .   x - +2 flail (protect)
rCold    . . .     Gourm    .   (no shield)
rNeg     + + .     Faith    .   j - +1 leather armour
rPois    ∞         Spirit   .   (no helmet)
rElec    +         Reflect  .   (no cloak)
rCorr    .         Harm     .   (no gloves)
MR       .....                  (no boots)
Stlth    ++........             (no amulet)
HPRegen  0.18/turn              q - ring of positive energy
MPRegen  0.15/turn              (no ring)

@: very slightly contaminated
A: negative energy resistance 1, electricity resistance, unbreathing,
petrification resistance, rot immunity, AC +5
a: Renounce Religion


You were on level 6 of the Dungeon.
You worshipped Sif Muna.
Sif Muna was noncommittal.
You were very hungry.

You visited 2 branches of the dungeon, and saw 7 of its levels.
You also visited: Sewer.

You collected 231 gold pieces.

Inventory:

Hand Weapons
 a - a +1 whip
 f - a +0 hand axe
 x - a +2 flail of protection (weapon)
Missiles
 b - 105 stones (quivered)
Armour
 j - a +1 leather armour (worn)
Jewellery
 l - an uncursed amulet of guardian spirit
 q - a ring of positive energy (left hand)
 C - a cursed -2 ring of intelligence {unknown}
Scrolls
 e - a scroll of enchant armour
 h - 2 scrolls of enchant weapon
 m - a scroll of magic mapping {unknown}
 n - a scroll of teleportation {unknown}
 o - 2 scrolls of remove curse
 p - a scroll of random uselessness {unknown}
 v - a scroll of blinking {unknown}
 y - a scroll of amnesia {unknown}
 z - a scroll of immolation {unknown}
 B - a scroll of fear {unknown}
Potions
 c - 2 potions of lignification {unknown}
 g - a potion of might
 i - a potion of ambrosia {unknown}
 k - 4 potions of invisibility
 r - 3 potions of haste {unknown}
 s - 4 potions of heal wounds
 t - a potion of cancellation {unknown}
 u - 3 potions of berserk rage {unknown}
 w - a potion of resistance {unknown}
 D - 2 potions of flight {unknown}
 E - a potion of curing {unknown}
Comestibles
 d - 14 rations


   Skills:
 - Level 8.0 Fighting
 - Level 4.9 Dodging
 - Level 2.1 Stealth
 - Level 5.5 Spellcasting
 - Level 0.7 Transmutations
 + Level 10.7 Earth Magic


You had 4 spell levels left.
You knew the following spells:

 Your Spells              Type           Power        Failure   Level  Hunger
a - Sandblast             Erth           #####.       1%          1    None
b - Passwall              Tmut/Erth      ###.....     2%          2    #......
c - Stone Arrow           Conj/Erth      ###...       6%          3    ##.....
d - Lee's Rapid Deconstr  Erth           #####.....   6%          5    ######.
e - Animate Skeleton      Necr           N/A          17%         1    None
f - Apportation           Tloc           #.....       17%         1    None
g - Confusing Touch       Hex            #.....       17%         1    None

Your spell library contained the following spells:

 Spells                   Type           Power        Failure   Level  Hunger
 Petrify                  Tmut/Erth      ###.....     16%         4    ####...
 Summon Small Mammal      Summ           #...         17%         1    None
 Recall                   Summ/Tloc      N/A          45%         3    ##.....
 Aura of Abjuration       Summ           #.........   99%         5    ######.
 Summon Demon             Summ           #.........   99%         5    ######.
 Summon Forest            Summ/Tloc      #.........   99%         5    ######.
 Summon Mana Viper        Hex/Summ       #.......     99%         5    ######.
 Shadow Creatures         Summ           N/A          100%        6    #######


Dungeon Overview and Level Annotations

Branches:
Dungeon (6/15)             Temple (1/1) D:6

Altars:
Ashenzari
Cheibriados
Dithmenos
Elyvilon
Fedhas
Gozag
Kikubaaqudgha
Makhleb
Nemelex Xobeh
Okawaru
Qazlal
Sif Muna
Trog
Uskayaw
Yredelemnul
Zin
The Shining One

Annotations:
D:4 3 runed translucent doors, Duffy's ghost, novice DrTm


Innate Abilities, Weirdness & Mutations

You are resistant to torment.
Your stone body is resilient. (AC +5)
You are immune to poison.
You resist negative energy. (rN+)
You are resistant to electric shocks. (rElec)
You can survive without breathing.
You are immune to petrification.
You are immune to rotting.


Message History

The orc wizard miscasts a cantrip.
You see here an arrow.
The centaur shoots an arrow.
The arrow hits you!
The orc wizard gestures at you while chanting.
The magic dart hits you.
You see here an arrow.
The orc wizard misses you.
Found a stone staircase leading down.
The orc wizard casts a spell.
The orc wizard flickers and vanishes!
Deactivating autopickup; reactivate with Ctrl-A.
The centaur shoots an arrow.
The arrow misses you.
The orc priest invokes the aid of Beogh against you.
You struggle to resist.
The orc wizard points at you and mumbles some strange words.
The puff of frost hits you!
* * * LOW HITPOINT WARNING * * *
You see here an arrow.
The centaur shoots an arrow.
The arrow hits you!
You die...

......[....#...
##...................
#...#................
...#................#
..#.....o...........#
.#.....c............#
#....................
.........o...@.<...#
.......(((o.(....>.#
...................##
....................#
#...................#
##...................#
.##..................#
....................##
....................#


You could see an orc warrior, a centaur, an orc priest and an orc wizard.

Vanquished Creatures
  Grinder (D:4)
  An ice beast (D:5)
  A phantom (D:4)
  A centaur (D:5)
  A big kobold (Sewer)
  A howler monkey (D:4)
  3 crimson imps
  2 hounds (D:4)
  A jelly (D:5)
  An orc priest (D:6)
  A gnoll shaman (D:5)
  2 centaur skeletons
  A worker ant (D:4)
  2 hound skeletons
  4 gnolls (D:5)
  13 adders
  3 river rats
  2 shadow imps
  An ooze (D:2)
  2 adder skeletons
  5 worms
  4 dart slugs
  2 leopard geckos (D:3)
  2 bats (D:3)
  8 giant cockroaches
  2 goblins
  2 hobgoblins (D:2)
  9 jackals
  A ball python (D:5)
  3 frilled lizards (D:2)
  10 kobolds
  11 rats
  A spectral orc (D:5)
104 creatures vanquished.

Notes
Turn   | Place    | Note
-------+----------+-------------------------------------------
     0 | D:1      | tilp the Gargoyle Earth Elementalist began the quest for
                  | the Orb.
     0 | D:1      | Reached XP level 1. HP: 10/10 MP: 3/3
   485 | D:1      | Reached skill level 4 in Earth Magic
   929 | D:1      | Reached XP level 2. HP: 15/15 MP: 3/5
  1262 | D:2      | Reached skill level 5 in Earth Magic
  1262 | D:2      | Reached XP level 3. HP: 11/19 MP: 3/6
  1266 | D:2      | Learned a level 2 spell: Passwall
  1270 | D:2      | Learned a level 3 spell: Stone Arrow
  1444 | D:2      | Found a faded altar of an unknown god.
  1562 | D:2      | Reached XP level 4. HP: 17/24 MP: 4/7
  1756 | D:3      | Reached skill level 6 in Earth Magic
  1840 | D:3      | Reached skill level 1 in Fighting
  1872 | D:3      | Found a stormy altar of Qazlal.
  1949 | D:3      | Reached skill level 5 in Spellcasting
  1949 | D:3      | Reached skill level 9 in Earth Magic
  1949 | D:3      | Reached XP level 5. HP: 36/36 MP: 8/13
  2042 | D:3      | Learned a level 5 spell: Lee's Rapid Deconstruction
  2044 | D:3      | Learned a level 1 spell: Animate Skeleton
  2046 | D:3      | Learned a level 1 spell: Apportation
  2048 | D:3      | Learned a level 1 spell: Confusing Touch
  2330 | D:4      | Noticed a phantom
  2335 | D:4      | Killed a phantom
  2335 | D:4      | Reached XP level 6. HP: 42/42 MP: 9/14
  2406 | D:4      | Noticed Grinder
  2411 | D:4      | Killed Grinder
  2411 | D:4      | Reached XP level 7. HP: 48/48 MP: 4/15
  2513 | D:4      | Found a hide-covered altar of Uskayaw.
  2594 | D:4      | Found a blossoming altar of Fedhas.
  2625 | D:4      | Found a runed translucent gate.
  2626 | D:4      | Found a runed translucent gate.
  2652 | D:4      | Found a runed translucent gate.
  2652 | D:4      | Noticed Duffy's ghost (novice DrTm)
  2940 | D:5      | Entered Level 5 of the Dungeon
  2995 | D:5      | Reached XP level 8. HP: 29/54 MP: 0/16
  3128 | D:5      | Found a burning altar of Makhleb.
  3129 | D:5      | Found a glowing silver altar of Zin.
  3132 | D:5      | Found a shadowy altar of Dithmenos.
  3163 | D:5      | Reached skill level 10 in Earth Magic
  3284 | D:5      | Found a glowing drain.
  3297 | Sewer    | Entered a sewer
  3401 | Sewer    | Found a white marble altar of Elyvilon.
  3623 | D:5      | Found a glowing golden altar of the Shining One.
  3691 | D:5      | Found a sparkling altar of Nemelex Xobeh.
  3709 | D:5      | Found a basalt altar of Yredelemnul.
  3871 | D:5      | Found an ancient bone altar of Kikubaaqudgha.
  4201 | D:6      | Found a staircase to the Ecumenical Temple.
  4219 | Temple   | Entered the Ecumenical Temple
  4327 | Temple   | Became a worshipper of Sif Muna the Loreminder
  4463 | D:6      | Shot with an arrow by a centaur

Levels and vault maps discovered:
D:1:      nicolae_arrival_somewhat_less_tricky_arrival, layout_basic
D:2:      layout_rooms, chequers_ecumenical_altar_simple
D:3:      cheibrodos_helix_gallery, layout_rooms, grunt_qazlal_clouds,
          first_ration
D:4:      layout_rooms, lemuel_crystal_altar, ebering_ghost_rock_garden,
          fedhas_altar_fruit_tree, uniq_grinder
D:5:      wad_pebble_path, layout_loops_ring, kennysheep_mini,
          nemelex_xobeh_ov_fountains_minmay,
          yredelemnul_forgotten_temple_becter,
          gammafunk_temple_overflow_forgotten, portal_sewer_entry_e, tso_altar
D:6:      layout_cave_pods, minmay_temple_entry_overgrown, serial_shops, shop,
          shop, nicolae_shop_trees, nicolae_ru_great_annihilating_truth,
          uniq_edmund
Temple:   minmay_temple_curvy_loop
Sewer:    sewer_kobolds

Skill      XL: |  1  2  3  4  5  6  7  8 |
---------------+-------------------------+-----
Earth Magic    | 4 5 9 10 | 10.7
Fighting       | 6 7 8 |  8.0
Dodging        | 4 |  4.9
Spellcasting   | 5 |  5.5
Stealth        | |  2.1
Transmutations | |  0.7

Action                   |  1- 3 |  4- 6 |  7- 9 || total
-------------------------+-------+-------+-------++-------
Melee: Whip              |    82 |    70 |    34 ||   186
       Flail             |       |       |    68 ||    68
 Cast: Sandblast         |    19 |    21 |    33 ||    73
       Confusing Touch   |       |     2 |       ||     2
       Stone Arrow       |       |     1 |     5 ||     6
       Lee's Rapid Decon |       |     1 |     4 ||     5
  Use: Scroll            |       |     5 |     3 ||     8
       Potion            |       |     1 |       ||     1
 Stab: Sleeping          |     2 |       |     1 ||     3
  Eat: Chunk             |     2 |     3 |     8 ||    13
Armor: Robe              |     3 |       |       ||     3
       Leather armour    |    26 |    35 |    55 ||   116
Dodge: Dodged            |    60 |    65 |   128 ||   253

Table legend:
 A = Non-vault XP
 B = Vault XP
 C = Vault XP percentage of total XP
 D = Non-vault monster count
 E = Vault monster count
 F = Vault count percentage of total count
                 A         B        C        D         E       F
            +---------+---------+-------+---------+---------+-------
      Total |    1287 |     432 |  25.1 |      82 |      22 |  21.2
            +---------+---------+-------+---------+---------+-------
        D:1 |      10 |       0 |   0.0 |       5 |       0 |   0.0
        D:2 |      82 |       0 |   0.0 |      24 |       0 |   0.0
        D:3 |      86 |       3 |   3.4 |      16 |       2 |  11.1
        D:4 |     410 |     262 |  39.0 |      13 |       1 |   7.1
        D:5 |     522 |      35 |   6.3 |      18 |       9 |  33.3
        D:6 |     177 |       0 |   0.0 |       6 |       0 |   0.0
      Sewer |       0 |     132 | 100.0 |       0 |      10 | 100.0
            +---------+---------+-------+---------+---------+-------
